Map: LotV BOT - Build Order training - Romanticide LE (

Players

Player 2

  • Race: Protoss Protoss

JohnBrown

  • Race: Terran Terran
  • League: Diamond

VOD

Have the link to the VOD?

Description

Time

  • Played on: July 17, 2021, 7:31 a.m.
  • Length: 9:55
Show
View Real Time Build Order
Export as new Build Order

Player 2 Protoss 

Build Orders:  

Get SALT Encoding   

Show
View Real Time Build Order
Export as new Build Order

JohnBrown Terran 

Build Orders: Command Center First (CC) 

Get SALT Encoding   

  6  0:02  SCV  
  13  0:14  SCV  
  13  0:19  Supply Depot  
  14  0:30  SCV  
  15  0:43  SCV  
  16  0:55  SCV  
  17  1:04  Command Center  
  17  1:07  SCV  
  18  1:17  Barracks  
  18  1:21  SCV  
  19  1:32  Barracks  
  19  1:36  SCV  
  20  1:45  Refinery  
  20  1:48  SCV  
  20  1:52  Refinery  
  21  2:00  SCV  
  22  2:10  Marine  
  23  2:25  Bunker  
  23  2:28  Orbital Command  
  23  2:29  Orbital Command  
  23  2:32  Marine  
  23  2:34  Marine  
  25  2:54  SCV  
  25  2:56  SCV  
  27  2:58  Marine  
  27  3:03  Factory, Barracks Reactor  
  28  3:11  SCV x2  
  30  3:17  Barracks Tech Lab  
  30  3:30  Command Center  
  30  3:35  SCV x2  
  32  3:45  Marine  
  32  3:46  Marine  
  34  3:47  Marauder  
  34  3:49  Factory Tech Lab  
  36  3:55  Supply Depot  
  36  3:59  Engineering Bay  
  36  4:00  Engineering Bay  
  36  4:05  Marine  
  36  4:06  Marine  
  38  4:16  SCV x2  
  38  4:18  Supply Depot  
  38  4:21  Refinery  
  40  4:24  Refinery  
  40  4:28  SCV x2  
  40  4:29  Siege Tank  
  45  4:38  Terran Infantry Weapons Level 1  
  45  4:39  Terran Infantry Armor Level 1  
  45  4:40  SCV  
  46  4:44  SCV  
  46  4:51  Marine x2  
  50  4:52  Marauder  
  50  4:53  Orbital Command  
  50  4:58  Armory  
  51  5:05  Supply Depot  
  51  5:11  Siege Tank  
  51  5:12  SCV  
  56  5:13  SCV  
  56  5:14  Orbital Command  
  56  5:28  Marine x2  
  56  5:29  Marauder  
  56  5:34  Barracks  
  60  5:36  Barracks  
  60  5:38  Starport  
  60  5:46  Marine  
  60  5:47  Siege Tank  
  64  5:53  Terran Vehicle Weapons Level 1, SCV  
  65  5:56  SCV  
  65  5:58  SCV  
  67  6:06  Marine  
  67  6:07  Marine  
  67  6:08  Marauder  
  71  6:15  Stimpack  
  71  6:16  Starport Reactor  
  71  6:22  SCV x3  
  74  6:26  Barracks Tech Lab  
  74  6:27  Barracks Reactor  
  74  6:30  Marine x2  
  76  6:34  Terran Infantry Weapons Level 2  
  76  6:40  SCV  
  77  6:46  SCV x2  
  77  6:50  Supply Depot  
  79  6:53  Medivac  
  79  6:54  Medivac  
  79  6:57  Terran Infantry Armor Level 2  
  83  7:00  Marine x2  
  83  7:04  Combat Shield  
  85  7:11  Marine x4  
  85  7:13  Supply Depot, Barracks  
  89  7:17  Barracks  
  89  7:18  SCV x2  
  89  7:19  SCV  
  92  7:30  Medivac x2, SCV  
  92  7:34  Siege Tank  
  100  7:36  Supply Depot  
  100  7:39  Marine x3  
  100  7:40  Marine  
  100  7:42  Marauder, SCV  
  107  7:45  Marauder  
  109  7:53  Supply Depot  
  109  7:58  Supply Depot  
  109  8:00  Medivac  
  109  8:03  Marauder  
  109  8:04  SCV x3  
  116  8:12  Marine  
  116  8:13  Barracks Reactor  
  116  8:14  Marine, Barracks Tech Lab  
  116  8:17  Supply Depot  
  118  8:21  Supply Depot, SCV x3  
  118  8:25  Concussive Shells  
  121  8:33  SCV x2  
  121  8:39  Supply Depot, Medivac x2  
  127  8:40  Siege Tank  
  127  8:41  Marine x2  
  127  8:42  Marauder  
  127  8:44  Supply Depot  
  127  8:45  Marauder, Marine  
  137  8:48  Marauder  
  139  8:58  Marine  
  139  8:59  Marine x4  
  144  9:02  Supply Depot  
  144  9:03  Marine  
  144  9:04  Marauder  
  144  9:06  Marine  
  148  9:09  Supply Depot, Medivac  
  150  9:26  Supply Depot  
  150  9:28  Marine x8  
  150  9:29  Marauder  
Tags
 
Add a new tag
Caveats
  • Supply blocks, unpowered buildings, or Contaminate may cause inaccurate times.
  • Supply counts are checked every 10 seconds.